 Dungeon Crawl Stone Soup version 0.25-a0-366-g516bc45ae0 (webtiles) character file.

Game seed: 7127803692002839103, levelgen mode: deterministic

71971 tilp the Fighter (level 15, -12/109 HPs)
             Began as a Halfling Hunter on Jan 6, 2020.
             Was a High Priest of Okawaru.
             Killed by drain life
             ... invoked by a soul eater
             ... summoned by an orc sorcerer
             ... led by an orc knight
              (20 damage)
             ... on level 2 of the Orcish Mines.
             The game lasted 01:28:21 (29133 turns).

tilp the Fighter (Halfling Hunter)                 Turns: 29133, Time: 01:28:22

Health: -12/109    AC: 20    Str: 17    XL:     15   Next: 84%
Magic:  20/22      EV: 29    Int: 11    God:    Okawaru [*****.]
Gold:   1763       SH: 10    Dex: 24    Spells: 14/14 levels left

rFire    + . .     SeeInvis +   a - +3 fustibalus (freeze)
rCold    + . .     Gourm    .   z - +2 buckler of Bopul {rPois Dex+3}
rNeg     . . .     Faith    +   V - +3 ring mail {rF+}
rPois    +         Spirit   .   o - +0 helmet {SInv}
rElec    .         Reflect  .   p - +0 cloak {+Inv}
rCorr    +         Harm     .   W - +2 pair of gloves {Dex+3}
MR       +....                  C - +1 pair of boots
Stlth    ++++......             O - amulet of faith
HPRegen  0.28/turn              A - ring of resist corrosion
MPRegen  0.18/turn              y - ring "Ymicw" {rC+ Int+2}

@: heroism, drained
A: small, mutation resistance 1
a: Heroism, Finesse, Renounce Religion, Evoke Invisibility


You were on level 2 of the Orcish Mines.
You worshipped Okawaru.
Okawaru was extremely pleased with you.
You were not hungry.

You visited 4 branches of the dungeon, and saw 20 of its levels.
You also visited: Gauntlet.

You collected 2036 gold pieces.
You spent 273 gold pieces at shops.

Inventory:

Hand Weapons
 a - a +3 fustibalus of freezing (weapon)
 b - a +2 short sword of venom
 J - a +2 falchion of flaming
Missiles
 d - 35 sling bullets (quivered)
 n - 6 curare-tipped darts
 D - 33 boomerangs
 M - 12 poisoned darts
 X - 6 throwing nets
Armour
 o - a +0 helmet of see invisible (worn)
 p - a +0 cloak of invisibility (worn)
 v - the cursed +0 pair of gloves "Yjoz" {+Fly Slay+3}
   (You found it in a Gauntlet)

   It affects your accuracy and damage with ranged weapons and melee attacks
   (+3).
   It lets you fly.
   It has a curse placed upon it.
 z - the +2 buckler of Bopul (worn) {rPois Dex+3}
   (Okawaru gifted it to you on level 4 of the Lair of Beasts)

   It affects your dexterity (+3).
   It protects you from poison.
 C - a +1 pair of boots (worn)
 V - a +3 ring mail of fire resistance (worn)
 W - a +2 pair of gloves of dexterity (worn)
Jewellery
 y - the ring "Ymicw" (right hand) {rC+ Int+2}
   (You took it off a minotaur in a Gauntlet)

   [ring of protection from cold]

   It affects your intelligence (+2).
   It protects you from cold.
 A - a ring of resist corrosion (left hand)
 K - an uncursed ring of stealth
 O - an amulet of faith (around neck)
Wands
 s - a wand of enslavement (8)
 B - a wand of iceblast (26)
 E - a wand of digging (12)
 F - a wand of flame (47)
 G - a wand of clouds (5)
 L - a wand of scattershot (1)
 T - a wand of paralysis (3)
 Y - a wand of polymorph (6)
 Z - a wand of disintegration (31)
Scrolls
 i - 6 scrolls of remove curse
 l - 4 scrolls of teleportation
 r - a scroll of blinking
 t - a scroll of fear
Potions
 e - 4 potions of invisibility
 f - 4 potions of flight
 g - a potion of brilliance
 h - 2 potions of agility
 j - a potion of magic
 k - 3 potions of might
 m - a potion of resistance {unknown}
 q - 4 potions of haste
 u - 11 potions of curing
 w - a potion of ambrosia {unknown}
 x - a potion of heal wounds
 P - 2 potions of cancellation
Miscellaneous
 I - a phial of floods
 S - 3 sacks of spiders
Comestibles
 c - 38 rations
 H - 3 chunks of flesh


   Skills:
 + Level 12.6(16.7) Fighting
 - Level 12.0(16.2) Short Blades
 * Level 12.3(16.4) Slings
 + Level 9.6(13.8) Armour
 + Level 11.1(15.3) Dodging
 - Level 4.0(8.3) Stealth
 - Level 4.1(8.4) Shields
 - Level 10.0(9.2) Invocations
 - Level 10.0(9.2) Evocations


You had 14 spell levels left.
You didn't know any spells.
Your spell library contained the following spells:

 Spells                   Type           Power        Failure   Level  Hunger
 Animate Skeleton         Necr           N/A          47%         1    ##.....
 Beastly Appendage        Tmut           #.....       47%         1    ##.....
 Corona                   Hex            #......      47%         1    ##.....
 Infusion                 Chrm           #...         47%         1    ##.....
 Pain                     Necr           #...         47%         1    ##.....
 Sandblast                Erth           #.....       47%         1    ##.....
 Ensorcelled Hibernation  Hex/Ice        #.....       63%         2    ###....
 Passwall                 Tmut/Erth      #.......     63%         2    ###....
 Poisonous Vapours        Pois/Air       #.....       63%         2    ###....
 Shroud of Golubria       Chrm/Tloc      #.....       63%         2    ###....
 Song of Slaying          Chrm           #.......     63%         2    ###....
 Sticks to Snakes         Tmut           #.......     63%         2    ###....
 Confuse                  Hex            #.......     85%         3    ####...
 Conjure Flame            Conj/Fire      #.......     85%         3    ####...
 Dazzling Flash           Conj/Hex       #.....       85%         3    ####...
 Mephitic Cloud           Conj/Pois/Air  #.......     85%         3    ####...
 Ozocubu's Armour         Chrm/Ice       #.......     85%         3    ####...
 Spectral Weapon          Hex/Chrm       #.......     85%         3    ####...
 Spider Form              Tmut/Pois      #.........   85%         3    ####...
 Stone Arrow              Conj/Erth      #.....       85%         3    ####...
 Tukima's Dance           Hex            #.......     85%         3    ####...
 Vampiric Draining        Necr           #.........   85%         3    ####...
 Animate Dead             Necr           N/A          99%         4    #####..
 Ice Form                 Ice/Tmut       #.......     99%         4    #####..
 Petrify                  Tmut/Erth      #.......     99%         4    #####..
 Agony                    Necr           #.......     100%        5    ######.
 Blade Hands              Tmut           #.........   100%        5    ######.
 Lee's Rapid Deconstruct  Erth           #.........   100%        5    ######.
 Freezing Cloud           Conj/Ice/Air   #.........   100%        6    #######
 Ring of Flames           Chrm/Fire      #.........   100%        7    #######


Dungeon Overview and Level Annotations

Branches:
Dungeon (11/15)            Temple (1/1) D:7            Lair (6/6) D:8
  Swamp (0/4) Lair:2        Snake (0/4) Lair:4        Slime (0/5) Lair:5
    Orc (2/2) D:9             Elf (0/3) Orc:2       Gauntlet (visited)

Altars:
Ashenzari
Cheibriados
Dithmenos
Elyvilon
Fedhas
Gozag
Hepliaklqana
Kikubaaqudgha
Makhleb
Nemelex Xobeh
Okawaru
Qazlal
Ru
Sif Muna
Trog
Uskayaw
Vehumet
Wu Jian
Xom
Yredelemnul
Zin
The Shining One

Shops:
D:11 *[   Orc:2 :([

Annotations:
D:2 1 runed translucent door, Crazy Yiuf
D:8 4 runed translucent doors


Innate Abilities, Weirdness & Mutations

You are small and have problems with some larger weapons.
You are somewhat resistant to further mutation.


Message History

The orc sorcerer closely misses you.
Unknown command.
Unknown command.
You feel much better. You block the soul eater's attack.
The orc knight completely misses you.
The soul eater draws from the surrounding life force!
* * * LOW HITPOINT WARNING * * *
The orc sorcerer completely misses you.
Unknown command.
Firing (i - inventory. (/) - cycle)
d - 36 sling bullets (quivered)
Press: ? - help, Shift-Dir - straight line, f/p - orc sorcerer
Aim: an orc sorcerer, wielding a +1 dagger of freezing and wearing a +0 robe (heavily wounded, unusually strong)
You shoot a sling bullet. The sling bullet hits the orc sorcerer.
The sling bullet freezes the orc sorcerer.
The orc sorcerer is severely wounded.
The soul eater barely misses you.
The orc knight hits you with a +0 war axe.
* * * LOW HITPOINT WARNING * * *
The soul eater draws from the surrounding life force!
You die...

#.....∩...o.(.. #.P....(......
#............#
..####...P.(....#
...#........P(..# ###
..........P..(## ##.##
.....##....#..3## #...#
.....#....###3oo# ##.#.
......#....#..@3######## #....
.......#.......[##..P..#####...
.................).P.....###...
...................[.....##....
.................P..P.....)#.#.
................P..P...PP...#..
.................8..∩....P.#...
.....................P.P...##..
...............................


You could see an orc knight, 3 soul eaters and an orc sorcerer.

Vanquished Creatures
  2 orc warlords (Orc:1)
  An entropy weaver (Lair:5)
  2 dire elephants (Lair:6)
  A minotaur (Gauntlet)
  7 hydras
  2 catoblepae
  An anaconda (Lair:6)
  A tengu warrior (D:11)
  A queen ant (Lair:5)
  2 orc high priests (Orc:2)
  Sonja (Lair:2)
  5 orc knights
  8 orc sorcerers
  2 ugly things (D:11)
  A wolf spider (D:11)
  7 elephants (Lair:6)
  4 black mambas
  Maurice (D:11)
  12 spiny frogs
  A spiny frog (shapeshifter) (D:11)
  A molten gargoyle (Gauntlet)
  A rime drake (Lair:3)
  3 gargoyles
  11 komodo dragons
  5 trolls
  4 polar bears
  A hornet (Lair:6)
  21 blink frogs
  12 hippogriffs
  2 dream sheep (D:8)
  A spriggan (Lair:6)
  31 yaks
  A vampire (D:11)
  A wraith (D:10)
  A basilisk (Lair:2)
  4 wyverns
  4 wargs (Orc:1)
  17 soldier ants (Lair:5)
  16 water moccasins
  3 swamp worms (Gauntlet)
  7 porcupines
  A sky beast (D:6)
  Duvessa (D:7)
  35 orc warriors
  4 ice beasts
  A necrophage (D:9)
  9 ogres
  3 black bears
  3 phantoms
  40 wolves
  4 centaurs
  10 crocodiles
  3 big kobolds (D:8)
  11 bullfrogs
  A wyvern zombie (D:11)
  Dowan (D:7)
  2 scorpions
  A water moccasin skeleton (D:5)
  6 jellies
  9 killer bees
  5 wights (D:11)
  6 crimson imps
  2 quasits (D:5)
  A bullfrog zombie (D:7)
  11 orc priests
  6 bullfrog skeletons
  4 hounds
  15 orc wizards
  2 centaur skeletons
  A gnoll shaman (Orc:2)
  3 iguanas
  Natasha (thrice) (D:2)
  7 hell rats (Lair:6)
  31 worker ants
  A hound skeleton (D:9)
  Robin (D:2)
  2 worker ant zombies
  9 gnolls
  A howler monkey skeleton (D:9)
  18 adders
  4 shadow imps
  A white imp (D:9)
  5 oozes
  An adder zombie (D:5)
  2 adder skeletons
  2 worms
  4 dart slugs
  4 leopard geckos
  69 orcs
  3 giant cockroaches
  10 goblins
  11 hobgoblins
  5 jackals
  12 kobolds
  3 quokkas
  3 ball pythons
  10 bats
  3 frilled lizards (D:1)
  A quokka skeleton (D:7)
  9 rats
  3 fungi
  5 plants
653 creatures vanquished.

Vanquished Creatures (collateral kills)
  An entropy weaver (Lair:5)
  3 dire elephants (Lair:6)
  Harold (D:11)
  A two-headed ogre (D:11)
  A wolf spider zombie (Gauntlet)
  A cyclops (D:11)
  A centaur zombie (Gauntlet)
  A moth of wrath (Gauntlet)
  A spectral meliai (Gauntlet)
  A sky beast (D:11)
12 creatures vanquished.

Vanquished Creatures (others)
  An orc (Orc:2)
  A bush (Lair:2)
  23 fungi
  9 plants
34 creatures vanquished.

Grand Total: 699 creatures vanquished

Notes
Turn   | Place    | Note
-------+----------+-------------------------------------------
     0 | D:1      | tilp the Halfling Hunter began the quest for the Orb.
     0 | D:1      | Reached XP level 1. HP: 14/14 MP: 1/1
    32 | D:1      | Reached XP level 2. HP: 16/19 MP: 2/2
   241 | D:1      | Reached XP level 3. HP: 16/24 MP: 3/3
  1089 | D:2      | Reached XP level 4. HP: 20/29 MP: 4/4
  1298 | D:2      | Found a blossoming altar of Fedhas.
  1336 | D:2      | Noticed Robin
  1340 | D:2      | Killed Robin
  1396 | D:2      | Reached XP level 5. HP: 34/34 MP: 5/5
  1397 | D:2      | Found a burning altar of Makhleb.
  1440 | D:2      | Noticed Natasha
  1450 | D:2      | Killed Natasha
  1469 | D:2      | Noticed Natasha
  1476 | D:2      | Killed Natasha
  1484 | D:2      | Found a hazy altar of Hepliaklqana.
  1588 | D:2      | Noticed Natasha
  1600 | D:2      | Killed Natasha
  1821 | D:2      | Found a runed translucent door.
  1822 | D:2      | Noticed Crazy Yiuf
  2050 | D:3      | Reached XP level 6. HP: 39/39 MP: 6/6
  2371 | D:3      | Found a bloodstained altar of Trog.
  2383 | D:3      | Reached skill level 10 in Slings
  3064 | D:4      | Found a shimmering blue altar of Sif Muna.
  3067 | D:4      | Found a shadowy altar of Dithmenos.
  3070 | D:4      | Found a snail-covered altar of Cheibriados.
  3461 | D:5      | Entered Level 5 of the Dungeon
  3526 | D:5      | Noticed a phantom
  3658 | D:5      | Reached XP level 7. HP: 41/44 MP: 7/7
  4054 | D:5      | Reached skill level 1 in Shields
  4130 | D:5      | Reached XP level 8. HP: 27/49 MP: 8/8
  4135 | D:5      | HP: 2/49 [centaur/arrow (7)]
  4434 | D:5      | Reached skill level 1 in Short Blades
  4742 | D:6      | Reached skill level 5 in Short Blades
  4834 | D:6      | Noticed a troll
  4859 | D:6      | Killed a troll
  5056 | D:6      | Reached skill level 1 in Evocations
  5056 | D:6      | Reached XP level 9. HP: 47/54 MP: 8/10
  5519 | D:5      | Found an ornate altar of the Wu Jian Council.
  5563 | D:7      | Found a staircase to the Ecumenical Temple.
  5570 | Temple   | Entered the Ecumenical Temple
  5683 | Temple   | Became a worshipper of Warmaster Okawaru
  5713 | D:7      | Noticed Duvessa
  5730 | D:7      | Noticed Dowan
  5731 | D:7      | Killed Duvessa
  5731 | D:7      | Reached skill level 1 in Armour
  5741 | D:7      | Killed Dowan
  6218 | D:7      | Reached * piety under Okawaru
  6483 | D:7      | Found a radiant altar of Vehumet.
  6612 | D:7      | Found a shimmering altar of Xom.
  7101 | D:8      | Found a huge runed translucent gate.
  7101 | D:8      | Found a huge runed translucent gate.
  7101 | D:8      | Found a huge runed translucent gate.
  7101 | D:8      | Found a huge runed translucent gate.
  7101 | D:8      | Noticed a manticore
  7101 | D:8      | Noticed a manticore
  7101 | D:8      | Noticed a polar bear
  7101 | D:8      | Noticed a polar bear
  7102 | D:8      | Noticed a hippogriff
  7123 | D:8      | Reached XP level 10. HP: 63/63 MP: 13/13
  7362 | D:8      | Reached ** piety under Okawaru
  7529 | D:8      | Reached skill level 5 in Dodging
  7619 | D:8      | Noticed a two-headed hydra
  7622 | D:8      | Killed a one-headed hydra
  7811 | D:8      | Found a stormy altar of Qazlal.
  8067 | D:8      | Found a staircase to the Lair.
  8068 | D:8      | Noticed a komodo dragon
  8108 | D:8      | Killed a komodo dragon
  8704 | D:9      | Found an opulent altar of Gozag.
  8788 | D:9      | Reached *** piety under Okawaru
  8875 | D:9      | Reached skill level 10 in Short Blades
  9073 | D:9      | Reached XP level 11. HP: 46/69 MP: 14/14
  9270 | D:9      | Found a staircase to the Orcish Mines.
  9951 | D:9      | Found a sparkling altar of Nemelex Xobeh.
 10067 | D:10     | Entered Level 10 of the Dungeon
 10304 | D:10     | Reached **** piety under Okawaru
 11128 | D:11     | Found Ethreita's Antique Armour Emporium.
 11129 | D:11     | Noticed Maurice
 11137 | D:11     | Killed Maurice
 11137 | D:11     | Reached skill level 5 in Armour
 11185 | D:11     | Bought a pair of glowing gloves for 262 gold pieces
 11297 | D:11     | Noticed Harold
 11317 | D:11     | Killed Harold
 11317 | D:11     | Reached ***** piety under Okawaru
 11317 | D:11     | Received a gift from Okawaru
 11317 | D:11     | Reached skill level 5 in Fighting
 11793 | D:11     | Found Kituzen's Weapon Emporium.
 12050 | D:11     | Noticed a white ugly thing
 12078 | D:11     | Killed a white ugly thing
 12385 | D:11     | Found Doeninul's General Store.
 12388 | D:11     | Bought a scroll of random uselessness for 11 gold pieces
 12756 | D:11     | Noticed a wolf spider
 12771 | D:11     | Killed a wolf spider
 12771 | D:11     | Reached XP level 12. HP: 60/79 MP: 13/15
 12870 | D:11     | Got a shimmering falchion
 12936 | D:11     | Received a gift from Okawaru
 13004 | D:11     | Received a gift from Okawaru
 13033 | D:11     | Noticed a two-headed ogre
 13042 | D:11     | Killed a two-headed ogre
 13064 | D:11     | Noticed a tengu warrior
 13093 | D:11     | Killed a tengu warrior
 13093 | D:11     | Received a gift from Okawaru
 13308 | D:11     | Noticed a death drake
 13309 | D:11     | a death drake changed into a shapeshifter
 13330 | D:11     | Reached skill level 1 in Invocations
 13770 | D:11     | Received a gift from Okawaru
 13771 | D:11     | Got a shimmering short sword {god gift}
 13789 | D:11     | Identified the +3 short sword "Tegielya" {pierce, rC++
                  | Int-3} (Okawaru gifted it to you on level 11 of the
                  | Dungeon)
 14085 | Lair:1   | Entered Level 1 of the Lair of Beasts
 14141 | Lair:1   | Reached skill level 5 in Evocations
 14181 | Lair:1   | Noticed a five-headed hydra
 14215 | Lair:1   | Killed a one-headed hydra
 14701 | Lair:1   | Received a gift from Okawaru
 14701 | Lair:1   | Reached skill level 5 in Invocations
 15549 | Lair:2   | Reached XP level 13. HP: 74/88 MP: 17/17
 15704 | Lair:2   | Received a gift from Okawaru
 15762 | Lair:2   | Found a staircase to the Swamp.
 15852 | Lair:2   | Noticed Sonja
 15857 | Lair:2   | Killed Sonja
 15857 | Lair:2   | Reached ****** piety under Okawaru
 16237 | Lair:2   | Identified the +5 falchion of the Reaper {freeze, rPois rC+
                  | Str+2 Dex-4} (You found it on level 11 of the Dungeon)
 17623 | Lair:3   | Noticed a seven-headed hydra
 17637 | Lair:3   | Noticed a catoblepas
 17838 | Lair:3   | Noticed a six-headed hydra
 17849 | Lair:3   | Killed a five-headed hydra
 17849 | Lair:3   | Received a gift from Okawaru
 17974 | Lair:3   | Killed a seven-headed hydra
 18034 | Lair:3   | Killed a catoblepas
 18034 | Lair:3   | Received a gift from Okawaru
 18034 | Lair:3   | Reached skill level 10 in Dodging
 18348 | Lair:4   | Found a gate leading to a gauntlet.
 18382 | Gauntlet | Entered a Gauntlet
 18382 | Gauntlet | Found a transporter.
 18382 | Gauntlet | Found a transporter.
 18386 | Gauntlet | Found a transporter.
 18412 | Gauntlet | Found a transporter.
 18414 | Gauntlet | Noticed a hell beast
 18420 | Gauntlet | Found a transporter.
 18420 | Gauntlet | Found a transporter.
 18444 | Gauntlet | Found a transporter.
 18445 | Gauntlet | Noticed a catoblepas
 18451 | Gauntlet | Found a transporter.
 18463 | Gauntlet | Found a transporter.
 18474 | Gauntlet | Found a transporter.
 18499 | Gauntlet | Found a transporter.
 18515 | Gauntlet | Found a transporter.
 18530 | Gauntlet | Found a transporter.
 18546 | Gauntlet | Found a transporter.
 18645 | Gauntlet | Found a transporter.
 18658 | Gauntlet | Noticed a balrug
 18661 | Gauntlet | Found a transporter.
 18987 | Gauntlet | Killed a catoblepas
 18987 | Gauntlet | Reached skill level 10 in Fighting
 19158 | Gauntlet | Got a pair of smoking boots
 19197 | Gauntlet | Received a gift from Okawaru
 19216 | Gauntlet | Got a pair of polished gloves
 19410 | Gauntlet | Identified the ring "Ymicw" {rC+ Int+2}
 19410 | Gauntlet | Noticed a minotaur
 19482 | Gauntlet | Killed a minotaur
 19482 | Gauntlet | Received a gift from Okawaru
 19950 | Lair:4   | Received a gift from Okawaru
 19950 | Lair:4   | Reached XP level 14. HP: 101/101 MP: 18/18
 20049 | Lair:4   | Received a gift from Okawaru
 20060 | Lair:4   | Got a dazzling buckler {god gift}
 20066 | Lair:4   | Identified the +2 buckler of Bopul {rPois Dex+3} (Okawaru
                  | gifted it to you on level 4 of the Lair of Beasts)
 20078 | Lair:4   | Found a staircase to the Snake Pit.
 20842 | Lair:5   | Identified the cursed -7 pair of boots of Keuruirch {rPois
                  | Str+4 SInv} (You found it in a Gauntlet)
 21033 | Lair:5   | Noticed an entropy weaver
 21034 | Lair:5   | Noticed an entropy weaver
 21056 | Lair:5   | Killed an entropy weaver
 21081 | Lair:5   | Killed an entropy weaver
 21792 | Lair:5   | Found a staircase to the Slime Pits.
 21999 | Lair:5   | Identified the cursed +0 pair of gloves "Yjoz" {+Fly
                  | Slay+3} (You found it in a Gauntlet)
 22319 | Lair:6   | Entered Level 6 of the Lair of Beasts
 22476 | Lair:6   | Received a gift from Okawaru
 23643 | Lair:6   | Reached XP level 15. HP: 62/108 MP: 22/22
 23989 | Lair:6   | Received a gift from Okawaru
 24682 | Lair:6   | Received a gift from Okawaru
 24692 | Lair:6   | Reached skill level 10 in Invocations
 25096 | Lair:6   | Reached skill level 10 in Evocations
 26005 | Orc:1    | Entered Level 1 of the Orcish Mines
 26499 | Orc:2    | Entered Level 2 of the Orcish Mines
 26975 | Orc:2    | Noticed an orc warlord
 27002 | Orc:1    | Killed an orc warlord
 27334 | Orc:2    | Paralysed by an orc sorcerer for 2 turns
 27416 | Orc:2    | Noticed an orc warlord
 27591 | Orc:1    | Killed an orc warlord
 27756 | Orc:1    | Received a gift from Okawaru
 27920 | Orc:2    | Paralysed by an orc sorcerer for 7 turns
 28191 | Orc:2    | Received a gift from Okawaru
 28355 | Orc:2    | Found a staircase to the Elven Halls.
 28411 | Orc:2    | Found Joschyru's Antique Armour Shop.
 28439 | Orc:2    | Found Sarot's Antique Weapon Boutique.
 28478 | Orc:2    | Paralysed by an orc sorcerer for 3 turns
 29092 | Orc:2    | Found Oroide's Book Emporium.
 29123 | Orc:2    | Paralysed by an orc sorcerer for 5 turns
 29131 | Orc:2    | HP: 1/109 [soul eater/drain life[an orc knight] (16)]
 29133 | Orc:2    | Killed from afar by a soul eater

Levels and vault maps discovered:
D:1:      ncdulo_halloftheorcs, layout_loops_ring
D:2:      layout_rooms, lemuel_doored_altar, overflow_temple_1_default,
          makhleb_heckhound_becter, first_ration, serial_bayou_lagoon_a,
          uniq_robin, uniq_crazy_yiuf_cottage, uniq_natasha
D:3:      layout_loops_corners, lemuel_crystal_altar
D:4:      layout_cave_pools, grunt_temple_overflow_diamond
D:5:      layout_loops_ring, nicolae_overflow_hidden_temple
D:6:      layout_cave_pools
D:7:      layout_gridville, kennysheep_mini, old_standard_altar,
          minmay_temple_entry_drinking_statues, uniq_duvessa
D:8:      lemuel_bear_cage, layout_basic, nicolae_qazlal_style_of_elements,
          david_lair_shrubbed, hangedman_ranch [blue_anna_fruit_fields]
D:9:      minmay_recursive_quarters, layout_cave_pools,
          nicolae_gozag_cash_rules_everything_around_me,
          nemelex_xobeh_ov_fountains_minmay, hiddenorc2_lemuel,
          minmay_fire_ice_demons
D:10:     layout_roguey, mrwooster_statue_mirror
D:11:     minmay_the_grid_plus_closed [minmay_the_grid_all_tris,
          minmay_the_grid_tiny_cups, minmay_the_grid_zigzag_pyramid,
          minmay_the_grid_large_cup, minmay_the_grid_prize_shrinking_boxes],
          layout_cave_pods, serial_shops, nicolae_shop_overgrown_old_shop,
          nicolae_shop_behind_doors, shop, uniq_maurice, uniq_harold
Temple:   nicolae_temple_figure_zero
Lair:1:   layout_roguey, lemuel_fruit_fields
Lair:2:   layout_cave_pods, swamp_mist_pool, serial_forest,
          infiniplex_forest_clump_medium, infiniplex_forest_end_1,
          infiniplex_forest_straight_2, infiniplex_forest_zigzag_1,
          infiniplex_forest_lined_1, infiniplex_forest_straight_5,
          infiniplex_forest_clump_C, infiniplex_forest_clump_double,
          infiniplex_forest_clump_small, serial_bayou_shore_b,
          infiniplex_staircase_pool, uniq_sonja
Lair:3:   layout_loops_ring, chequers_serial_rivers_micro_a, nzn_random_ring,
          serial_bayou_shore_b, lemuel_fruit_fields
Lair:4:   layout_long_grid, minmay_snake_entry_six_corridors,
          gauntlet_entry_generic, infiniplex_staircase_pool_2, lemuel_fruit_tree
Lair:5:   layout_regular_city, nicolae_slime_entry_slimehenge, zaba_anthell,
          serial_bayou_shore_a
Lair:6:   due_jungle_book, layout_loops_ring, grunt_forest_large_clearings
Orc:1:    layout_diamond_mine
Orc:2:    grunt_orc_gardens, layout_caves, grunt_orc_garden, grunt_orc_garden,
          grunt_orc_garden, grunt_orc_garden

Skill      XL: |  1  2  3  4  5  6  7  8  9 10 11 12 13 14 15 |
---------------+----------------------------------------------+-----
Slings         | 6 7 8 9 11 12 | 12.3
Shields        | 3 4 |  4.1
Short Blades   | 6 10 12 | 12.0
Evocations     | 1 4 6 9 10 | 10.0
Fighting       | 3 4 6 8 11 12 | 12.6
Armour         | 3 4 6 8 9 |  9.6
Stealth        | 4 |  4.0
Dodging        | 4 6 8 10 11 | 11.1
Invocations    | 6 9 10 | 10.0

Action                   |  1- 3 |  4- 6 |  7- 9 | 10-12 | 13-15 || total
-------------------------+-------+-------+-------+-------+-------++-------
Melee: Short sword       |    96 |    84 |   184 |   887 |   329 ||  1580
       Falchion          |       |       |       |     8 |    16 ||    24
 Fire: Hunting sling     |    38 |   110 |   199 |   490 |  1689 ||  2526
       Fustibalus        |       |       |       |       |    97 ||    97
Throw: Stone             |     2 |     2 |     1 |     2 |       ||     7
       Dart              |       |       |       |       |    16 ||    16
       Throwing net      |       |       |       |       |     1 ||     1
Invok: Heroism           |       |       |       |    11 |    28 ||    39
       Finesse           |       |       |       |       |     1 ||     1
 Abil: Evoke Invisibilit |       |       |       |       |     1 ||     1
Evoke: Wand              |       |       |       |     6 |     4 ||    10
       Box of beasts     |       |       |       |     3 |     2 ||     5
       Sack of spiders   |       |       |       |     4 |     8 ||    12
  Use: Scroll            |     1 |     5 |     5 |     4 |    17 ||    32
       Potion            |       |       |     1 |       |     7 ||     8
 Stab: Paralysed         |       |       |       |     1 |       ||     1
       Invisible         |       |       |       |       |     1 ||     1
       Held in net/web   |       |       |       |       |     2 ||     2
  Eat: Chunk             |       |     8 |    18 |    18 |    30 ||    74
       Ration            |       |     1 |       |       |     3 ||     4
Armor: Leather armour    |    20 |       |       |       |       ||    20
       Ring mail         |    32 |     5 |       |    41 |   198 ||   276
       Scale mail        |       |    49 |    40 |       |       ||    89
       Plate armour      |       |       |    49 |   148 |       ||   197
Dodge: Dodged            |    93 |    67 |    83 |   248 |   846 ||  1337
Block: Buckler           |       |       |    51 |   165 |   470 ||   686
       Rpst.: Falchion   |       |       |       |     2 |     3 ||     5

Table legend:
 A = Non-vault XP
 B = Vault XP
 C = Vault XP percentage of total XP
 D = Non-vault monster count
 E = Vault monster count
 F = Vault count percentage of total count
                 A         B        C        D         E       F
            +---------+---------+-------+---------+---------+-------
      Total |   55741 |   47076 |  45.8 |     412 |     245 |  37.3
            +---------+---------+-------+---------+---------+-------
        D:1 |      65 |       0 |   0.0 |      30 |       0 |   0.0
        D:2 |      83 |     111 |  57.2 |       8 |      14 |  63.6
        D:3 |      63 |       0 |   0.0 |      23 |       0 |   0.0
        D:4 |     157 |       0 |   0.0 |       9 |       0 |   0.0
        D:5 |     954 |       0 |   0.0 |      21 |       0 |   0.0
        D:6 |    1095 |       0 |   0.0 |      13 |       0 |   0.0
        D:7 |     987 |     211 |  17.6 |      18 |       2 |  10.0
        D:8 |     502 |    2501 |  83.3 |      14 |       9 |  39.1
        D:9 |    1084 |    1128 |  51.0 |      19 |      40 |  67.8
       D:10 |    1938 |       0 |   0.0 |      26 |       0 |   0.0
       D:11 |    3217 |    6244 |  66.0 |      28 |      24 |  46.2
     Lair:1 |    6347 |       0 |   0.0 |      27 |       0 |   0.0
     Lair:2 |    2594 |     839 |  24.4 |      10 |       1 |   9.1
     Lair:3 |    3821 |    4617 |  54.7 |      13 |      14 |  51.9
     Lair:4 |    4159 |    2175 |  34.3 |      18 |      18 |  50.0
     Lair:5 |    4614 |    6609 |  58.9 |      19 |      49 |  72.1
     Lair:6 |   16430 |    6469 |  28.3 |      47 |      35 |  42.7
      Orc:1 |    5960 |    7058 |  54.2 |      46 |      18 |  28.1
      Orc:2 |    1671 |    4174 |  71.4 |      23 |       9 |  28.1
   Gauntlet |       0 |    4940 | 100.0 |       0 |      12 | 100.0
            +---------+---------+-------+---------+---------+-------
